 Dungeon Crawl Stone Soup version 0.18.1-8-gdd0e5ea (webtiles) character file.

147 Loading the Ruffian (level 5, -2/46 HPs)
             Began as a Ghoul Monk on May 30, 2016.
             Slain by Duvessa
             ... wielding a +0 short sword
              (7 damage)
             ... on level 4 of the Dungeon.
             The game lasted 00:07:00 (2935 turns).

Loading the Ruffian (Ghoul Monk)                    Turns: 2935, Time: 00:07:00

Health: -2/46      AC:  7    Str: 20    XL:     5   Next: 29%
Magic:  4/4        EV: 10    Int:  5    God:
Gold:   143        SH:  0    Dex: 12    Spells: 0 memorised, 4 levels left

rFire  . . .     SeeInvis .       - Unarmed
rCold  + . .     Gourm    .     o - +0 scale mail
rNeg   + + +     Faith    .     (no shield)
rPois  ∞         Spirit   .     (no helmet)
rElec  .         Dismiss  .     d - +0 cloak
rCorr  .         Reflect  .     (no gloves)
SustAt .         Harm     .     (no boots)
MR     .....                    (no amulet)
Stlth  +.........               (no ring)
                                (no ring)

@: mighty, rotting, not resistant to hostile enchantments, very unstealthy
A: rotting body, claws 1, carnivore 3, cold resistance 1, negative energy
resistance 3, slow regeneration 1, torment resistance, unbreathing
a: no special abilities


You were on level 4 of the Dungeon.
You were not hungry.

You visited 1 branch of the dungeon, and saw 4 of its levels.

You collected 143 gold pieces.

Inventory:

Armour
 d - a +0 cloak (worn)
 o - a +0 scale mail (worn)
Wands
 h - a wand of lightning (7/15)
 m - a wand of lightning (8/15)
Scrolls
 a - 2 scrolls of fear
 e - a scroll of teleportation
 j - a scroll of remove curse
Potions
 g - a potion of degeneration {unknown}
 k - a potion of brilliance {unknown}
 l - a potion of heal wounds {unknown}
Comestibles
 b - a meat ration
 f - 2 beef jerkies
 i - 4 chunks of flesh


   Skills:
 + Level 4.0 Fighting
 + Level 1.6 Armour
 - Level 2.6 Dodging
 + Level 3.3 Stealth
 * Level 5.6 Unarmed Combat


You had 4 spell levels left.
You didn't know any spells.

Dungeon Overview and Level Annotations

Branches:
Dungeon (4/15)             Temple (0/1) D:4

Altars:
Elyvilon
Vehumet

Annotations:
D:4 Dowan, Duvessa


Innate Abilities, Weirdness & Mutations

Your body is rotting away.
You thrive on raw meat.
You are immune to poison.
You have sharp fingernails.
You are carnivorous and can eat meat at any time.
Your flesh is cold resistant.
You are immune to negative energy.
You regenerate slowly when monsters are visible.
You are immune to unholy pain and torment.
You can survive without breathing.


Message History

* * * LOW HITPOINT WARNING * * *
Dowan hits you with a dagger.
* * * LOW HITPOINT WARNING * * *
You are too injured to fight recklessly!
You are too injured to fight recklessly!
You are too injured to fight recklessly!
An orc comes into view. It is wielding a whip.
The orc shouts!
Duvessa says, "Where magic fails, the sword succeeds!"
Dowan casts a spell.
Dowan blinks!
Drink which item? (? for menu, Esc to quit)
It was a potion of might.
You feel very mighty all of a sudden. Duvessa hits you with a short sword.
* * * LOW HITPOINT WARNING * * *
You claw Duvessa!
Duvessa is almost dead.
Duvessa hits you with a short sword!
You die...

###.###%.##....
#.....#..###.%.
####.#
#........
#...o#
..#(####..
#o##.# ..#.#
#..
#.##......#.#
#.#
#e####.##.#.#
#.# #e# .##.#.#
#.# #@# #....#
#.# #.# .....
... #.# #..# ..
#.######..#
#......!..# #.#
########.## #%#
#.# #$# #.# #.#
#.# #.####


You could see Duvessa, Dowan and an orc.

Vanquished Creatures
  A hound (D:3)
  Terence (D:3)
  An adder (D:3)
  2 oozes
  2 worms
  3 dart slugs (D:1)
  4 giant geckos
  2 orcs (D:3)
  4 giant cockroaches
  7 goblins
  3 hobgoblins
  8 jackals
  2 quokkas (D:3)
  A ball python (D:2)
  2 bats
  7 giant newts
  6 kobolds
  2 rats
58 creatures vanquished.

Notes
Turn   | Place    | Note
--------------------------------------------------------------
     0 | D:1      | Loading the Ghoul Monk began the quest for the Orb.
     0 | D:1      | Reached XP level 1. HP: 19/19 MP: 0/0
   184 | D:1      | Reached XP level 2. HP: 26/26 MP: 1/1
   836 | D:1      | Reached XP level 3. HP: 27/31 MP: 2/2
  1283 | D:2      | Reached skill level 5 in Unarmed Combat
  1316 | D:2      | Found a white marble altar of Elyvilon.
  1342 | D:2      | Reached skill level 1 in Armour
  1504 | D:2      | Found a radiant altar of Vehumet.
  1624 | D:2      | Reached XP level 4. HP: 40/40 MP: 3/3
  2033 | D:3      | Noticed Terence
  2063 | D:3      | Killed Terence
  2063 | D:3      | Reached XP level 5. HP: 32/46 MP: 4/4
  2735 | D:4      | Found a staircase to the Ecumenical Temple.
  2739 | D:4      | Noticed an ogre
  2786 | D:4      | Noticed an ogre
  2907 | D:4      | Noticed Dowan
  2908 | D:4      | Noticed Duvessa
  2935 | D:4      | Slain by Duvessa

Skill      XL: |  1  2  3  4 |
---------------+-------------+-----
Unarmed Combat | 5 |  5.6
Armour         | 1 |  1.6
Stealth        | 3 |  3.3
Fighting       | 4 |  4.0
Dodging        | |  2.6

Action                   |  1- 3 |  4- 6 || total
-------------------------+-------+-------++-------
Melee: Unarmed           |   107 |   104 ||   211
       Punch             |     1 |       ||     1
  Use: Scroll            |       |     6 ||     6
       Potion            |       |     1 ||     1
 Stab: Sleeping          |     6 |       ||     6
  Eat: Chunk             |     9 |     5 ||    14
Armor: Robe              |    23 |       ||    23
       Scale mail        |     1 |    33 ||    34
Dodge: Dodged            |    72 |    40 ||   112
